 Dungeon Sprint DCSS version 0.25-a0-804-g50c693f418 (webtiles) character file.

Game seed: 13504701932693130038, levelgen mode: deterministic

18115 jt the Executioner (level 12, -17/92 HPs)
             Began as a Gargoyle Berserker on Apr 19, 2020.
             Was a High Priest of Trog.
             Blown up by an eye of devastation (24 damage)
             ... with a bolt of energy
             ... in the Dungeon (Sprint II: "The Violet Keep of Menkaure").
             The game lasted 00:24:31 (3196 turns).

jt the Executioner (Gargoyle Berserker)             Turns: 3196, Time: 00:24:33

Health: -17/92     AC: 24    Str: 30    XL:     12   Next: 55%
Magic:  20/20      EV:  8    Int: 13    God:    Trog [*****.]
Gold:   3178       SH:  0    Dex:  9    Spells: 11/11 levels left

rFire    + + .     SeeInvis +   a - +6 executioner's axe (vamp)
rCold    . . .     Gourm    .   (shield currently unavailable)
rNeg     + . .     Faith    .   l - +1 plate armour of Beplah {Int+4}
rPois    ∞         Spirit   .   k - +0 mask of the Dragon {MR+ Slay+3 SInv}
rElec    +         Reflect  .   (no cloak)
rCorr    .         Harm     .   T - +0 pair of gloves "Ocwixt" {rF+ MR+}
MR       +++..     NoTele   +   Y - +0 pair of boots {Fly}
Stlth    ..........             (no amulet)
HPRegen  0.25/turn              N - ring "Koosky" {MR+ Str+5}
MPRegen  0.17/turn              x - ring of protection from fire

@: berserk cooldown, flying, slowed, studying 2 skills, very slow
A: negative energy resistance 1, electricity resistance, unbreathing,
petrification resistance, rot immunity, AC +8
a: Berserk, Trog's Hand, Brothers in Arms, Renounce Religion, Stop Flying


You were in the Dungeon.
You worshipped Trog.
Trog was extremely pleased with you.
You were hungry.

You visited 1 branch You collected 5615 gold pieces.
You spent 2437 gold pieces at shops.

Inventory:

Hand Weapons
 a - a +6 vampiric executioner's axe (weapon)
 b - a +9 executioner's axe of flaming
 j - a +2 vorpal hunting sling
 m - the +4 hand axe of Guics {freeze, +Blink rF- MR+++ Str-2}
   (You bought it in a shop in the Dungeon)

   It has been specially enchanted to freeze those struck by it, causing extra
   injury to most foes and up to half again as much damage against particularly
   susceptible opponents.
   It can also slow down cold-blooded creatures.
   It affects your strength (-2).
   It makes you vulnerable to fire.
   It affects your resistance to hostile enchantments.
   It lets you blink.
 n - a +0 arbalest
 s - a +0 hunting sling
 F - the cursed +1 halberd of Kismet {speed, *Rage Str+5 Dex+5, unknown}
   (You found it in the Dungeon)

   Attacks with this weapon are significantly faster.
   It affects your strength (+5).
   It affects your dexterity (+5).
   It may make you go berserk in combat.
   It has a curse placed upon it.
 H - the cursed +1 whip of the Badger {flame, +Inv rC+ Dex+2, unknown}
   (You found it in the Dungeon)

   It has been specially enchanted to burn those struck by it, causing extra
   injury to most foes and up to half again as much damage against particularly
   susceptible opponents.
   It affects your dexterity (+2).
   It protects you from cold.
   It lets you turn invisible.
   It has a curse placed upon it.
 K - a +2 battleaxe of flaming
 M - a +2 hand crossbow of flaming
 O - a +4 shortbow of freezing
 S - a +2 longbow of flaming
 X - a +2 broad axe
Missiles
 o - 11 bolts
 t - 94 stones (quivered)
 u - 60 arrows
Armour
 k - the +0 mask of the Dragon (worn) {MR+ Slay+3 SInv}
   (You found it in the Dungeon)

   It affects your accuracy and damage with ranged weapons and melee attacks
   (+3).
   It affects your resistance to hostile enchantments.
   It lets you see invisible.
 l - the +1 plate armour of Beplah (worn) {Int+4}
   (You bought it in a shop in the Dungeon)

   It affects your intelligence (+4).
 I - a +0 troll leather armour
 T - the +0 pair of gloves "Ocwixt" (worn) {rF+ MR+}
   (You acquired it in the Dungeon)

   It protects you from fire.
   It affects your resistance to hostile enchantments.
 Y - a +0 pair of boots of flying (worn)
Jewellery
 x - a ring of protection from fire (right hand)
 C - an uncursed ring of fire
 G - an uncursed amulet of rage {unknown}
 N - the ring "Koosky" (left hand) {MR+ Str+5}
   (You took it off an orc priest in the Dungeon)

   [ring of strength]

   It affects your strength (+5).
   It affects your resistance to hostile enchantments.
Wands
 J - a wand of digging (12)
Scrolls
 i - 2 scrolls of blinking
 p - a scroll of remove curse
 y - 3 scrolls of identify
 L - a scroll of fear
 U - a scroll of immolation {unknown}
 V - a scroll of random uselessness {unknown}
Potions
 c - 3 potions of mutation {unknown}
 d - 6 potions of curing
 e - 6 potions of heal wounds
 f - 6 potions of haste
 g - 5 potions of magic
 h - a potion of berserk rage
 q - 2 potions of resistance
 r - a potion of invisibility {unknown}
 v - a potion of lignification {unknown}
 z - 6 potions of flight
 A - a potion of might {unknown}
Books
 P - a manual of Evocations
 W - a manual of Fighting
Miscellaneous
 Q - a lightning rod (4/4)
 R - a phial of floods
Comestibles
 w - 6 rations


   Skills:
 + Level 17.9 Fighting
 + Level 21.7 Axes
 - Level 4.9 Armour
 - Level 1.5 Dodging
 + Level 11.7 Evocations


You had 11 spell levels left.
You didn't know any spells.
Your spell library was empty.

Dungeon Overview and Level Annotations

Branches:
Dungeon (1/1)

Altars:
Cheibriados
Dithmenos
Elyvilon
Fedhas
Gozag
Hepliaklqana
Kikubaaqudgha
Makhleb
Nemelex Xobeh
Okawaru
Qazlal
Ru
Sif Muna
Trog
Uskayaw
Vehumet
Wu Jian
Xom
Yredelemnul
Zin
The Shining One
Beogh
Jiyva
Lugonu

Shops:
D :%=}[!(!([:[*=?%!?%*:

Annotations:
D exclusion: oklob plant, Roxanne


Innate Abilities, Weirdness & Mutations

You are resistant to torment.
Your stone body is resilient. (AC +8)
You are immune to poison.
You resist negative energy. (rN+)
You are resistant to electric shocks. (rElec)
You can survive without breathing.
You are immune to petrification.
You are immune to rotting.


Message History

You slice the flying skull!!
You destroy the flying skull!
Trog accepts your kill.
You carve the flying skull like a ham!!!
You destroy the flying skull!
Trog accepts your kill.
You are no longer berserk.
You are exhausted.
You feel yourself slow down.
Your stone giant goes berserk!
You are feeling hungry.
The flying skull hits you but does no damage. x2
You closely miss the flying skull. The flying skull hits you.
* * * LOW HITPOINT WARNING * * *
Your stone giant completely misses the flying skull.
The eye of devastation gazes at you.
The bolt of energy hits your stone giant!!
The bolt of energy misses the flying skull.
The bolt of energy hits you!!
You die...

≈≈≈≈≈...X≈≈▓,,§§§$,,**
###'###.w≈≈▓,,§§§§,**
_.#≈≈≈##≈≈≈▓,,,§§§**
..#§§≈§####▓▓▓▓▓§#*
_.#§≈§≈≈##..#..▓G#
._#§§§§≈≈#..#..▓≈#
_.#§§§§§≈'..'..▓C#
._#§§≈≈§÷#..#..▓z#
_.#§≈§§≈≈▓..#..▓@#
._#≈≈≈§▓▓▓▓▓▓▓▓▓≈#
###≈§§§▓...≈≈≈§≈≈#
≈≈≈≈≈≈≈▓...≈≈≈≈≈≈#
###≈▓▓▓▓▓▓▓▓▓≈≈≈≈#
[)#▓▓.≈°°°°°▓▓≈≈≈#
[)#▓○○°°°°≈.≈▓▓≈≈#
=='.≈○○°≈○°§≈≈'≈≈#
||##≈○°°≈≈≈○≈#####


You could see an eye of devastation, a flying skull and a friendly stone giant
(berserk).

Vanquished Creatures
  A deep elf blademaster (D)
  Gastronok (D)
  2 sphinxes (D)
  Nessos (D)
  A dire elephant (D)
  3 sixfirhies (D)
  2 deep trolls (D)
  A harpy (D)
  An obsidian statue (D)
  3 orc sorcerers (D)
  A merfolk siren (D)
  A yaktaur (D)
  A hornet (D)
  3 polar bears (D)
  2 hippogriffs (D)
  16 flying skulls (D)
  4 crocodiles (D)
  A scorpion (D)
  A jelly (D)
  4 orc priests (D)
  4 worker ants (D)
  3 worms (D)
57 creatures vanquished.

Vanquished Creatures (others)
  Menkaure (D)
  A crocodile (D)
  12 tentacles (D)
14 creatures vanquished.

Grand Total: 71 creatures vanquished

Notes
Turn   | Place    | Note
-------+----------+-------------------------------------------
     0 | D        | jt the Gargoyle Berserker began the quest for the Orb.
     0 | D        | Reached XP level 1. HP: 14/14 MP: 1/1
     1 | D        | Noticed a worker ant
     1 | D        | Noticed a worker ant
     1 | D        | Noticed a worker ant
     1 | D        | Noticed a worker ant
    12 | D        | Killed a worker ant
    12 | D        | Reached skill level 5 in Axes
    12 | D        | Reached XP level 2. HP: 18/19 MP: 2/2
    17 | D        | Reached skill level 7 in Axes
    17 | D        | Reached XP level 3. HP: 22/23 MP: 3/3
    19 | D        | Reached ** piety under Trog
    19 | D        | Reached XP level 4. HP: 28/28 MP: 4/4
    33 | D        | Reached skill level 8 in Axes
   127 | D        | Killed Menkaure
   142 | D        | Killed a crocodile
   321 | D        | Reached *** piety under Trog
   374 | D        | Noticed a merfolk siren
   389 | D        | Killed a merfolk siren
   389 | D        | Reached skill level 13 in Axes
   389 | D        | Reached XP level 5. HP: 6/32 MP: 5/5
   389 | D        | Reached XP level 6. HP: 7/37 MP: 6/6
   389 | D        | Reached XP level 7. HP: 8/41 MP: 7/7
   429 | D        | Noticed Roxanne
   656 | D        | Found Pyfrom's Magic Scroll Emporium.
   657 | D        | Found Arrarap's Assorted Antiques.
   657 | D        | Found Mukisoyll's Antique Armour Emporium.
   657 | D        | Found Ziloaqab's Antique Weapon Shoppe.
   657 | D        | Found Xowiz's Book Shoppe.
   657 | D        | Found Hetyh's Magic Scroll Shoppe.
   657 | D        | Found Fucraixu's Distillery.
   657 | D        | Found Xyiw's Distillery.
   657 | D        | Found Kytiteb's Antique Armour Emporium.
   657 | D        | Found Fugess's Food Shoppe.
   657 | D        | Found Oki Ziu's Jewellery Emporium.
   658 | D        | Found Recwit's Food Shoppe.
   658 | D        | Found Pioz Dip's Distillery.
   658 | D        | Found Loellupn's Gadget Shoppe.
   658 | D        | Found Allu's Jewellery Emporium.
   658 | D        | Noticed a soldier ant
   660 | D        | Noticed a soldier ant
   660 | D        | Noticed a soldier ant
   660 | D        | Noticed an oklob plant
   661 | D        | Found Eder's Book Shoppe.
   664 | D        | Noticed an iron elemental
   685 | D        | Bought a brightly glowing hand axe for 160 gold pieces
   685 | D        | Identified the +4 hand axe of Guics {freeze, +Blink rF-
                  | MR+++ Str-2} (You bought it in a shop in the Dungeon)
   689 | D        | Bought a faintly humming plate armour for 532 gold pieces
   699 | D        | Identified the cursed +1 plate armour of Beplah {Int+4}
                  | (You bought it in a shop in the Dungeon)
   726 | D        | Reached **** piety under Trog
   740 | D        | Noticed an obsidian statue
   750 | D        | Noticed a hippogriff
   750 | D        | Noticed a hippogriff
   754 | D        | Killed a hippogriff
   754 | D        | Reached skill level 5 in Fighting
   759 | D        | Killed a hippogriff
   759 | D        | Reached skill level 14 in Axes
   759 | D        | Reached XP level 8. HP: 52/52 MP: 7/9
   803 | D        | Bought an embroidered hat for 133 gold pieces
   803 | D        | Bought a pair of runed gloves for 142 gold pieces
   835 | D        | Found a roughly hewn altar of Beogh.
   836 | D        | Found a hazy altar of Hepliaklqana.
   836 | D        | Found a snail-covered altar of Cheibriados.
   837 | D        | Found a stormy altar of Qazlal.
   837 | D        | Found a viscous altar of Jiyva.
   837 | D        | Found a shadowy altar of Dithmenos.
   838 | D        | Found a sacrificial altar of Ru.
   838 | D        | Found an ancient bone altar of Kikubaaqudgha.
   838 | D        | Found a white marble altar of Elyvilon.
   839 | D        | Found an ornate altar of the Wu Jian Council.
   839 | D        | Found a shimmering blue altar of Sif Muna.
   839 | D        | Found a corrupted altar of Lugonu.
   839 | D        | Found a blossoming altar of Fedhas.
   840 | D        | Found a shimmering altar of Xom.
   840 | D        | Found a bloodstained altar of Trog.
   840 | D        | Found a burning altar of Makhleb.
   841 | D        | Found a glowing golden altar of the Shining One.
   841 | D        | Found a basalt altar of Yredelemnul.
   841 | D        | Found a hide-covered altar of Uskayaw.
   842 | D        | Found a glowing silver altar of Zin.
   842 | D        | Found a radiant altar of Vehumet.
   842 | D        | Found a sparkling altar of Nemelex Xobeh.
   842 | D        | Noticed a hornet
   842 | D        | Noticed a polar bear
   842 | D        | Noticed a polar bear
   842 | D        | Noticed a polar bear
   844 | D        | Noticed a yaktaur
   878 | D        | Killed a yaktaur
  1003 | D        | Killed a hornet
  1007 | D        | Killed a polar bear
  1007 | D        | Reached ***** piety under Trog
  1007 | D        | Received a gift from Trog
  1007 | D        | Reached skill level 10 in Fighting
  1013 | D        | Killed a polar bear
  1013 | D        | Reached XP level 9. HP: 65/65 MP: 12/12
  1032 | D        | Bought a ration for 55 gold pieces
  1086 | D        | Killed a polar bear
  1185 | D        | Found an opulent altar of Gozag.
  1185 | D        | Found an iron altar of Okawaru.
  1199 | D        | Noticed a kraken
  1290 | D        | Noticed an orange crystal statue
  1412 | D        | Found the +8 Wrath of Trog {antimagic, *Rage}
  1412 | D        | Found the cursed +13 scythe of Curses {drain, *Curse}
  1554 | D        | Noticed a deep troll
  1554 | D        | Noticed a deep troll
  1561 | D        | Killed a deep troll
  1561 | D        | Reached skill level 15 in Axes
  1563 | D        | Killed a deep troll
  1563 | D        | Received a gift from Trog
  1628 | D        | Noticed a sphinx
  1628 | D        | Noticed a sphinx
  1631 | D        | Paralysed by a sphinx for 7 turns
  1642 | D        | Killed a sphinx
  1642 | D        | Reached skill level 15 in Fighting
  1642 | D        | Reached skill level 16 in Axes
  1642 | D        | Reached XP level 10. HP: 25/77 MP: 13/13
  1644 | D        | Killed a sphinx
  1644 | D        | Reached skill level 17 in Axes
  1899 | D        | Got a crude whip
  1906 | D        | Noticed a smoke demon
  1913 | D        | Killed an obsidian statue
  1913 | D        | Reached XP level 11. HP: 28/84 MP: 14/14
  2163 | D        | Bought a scroll of acquirement for 572 gold pieces
  2164 | D        | Identified the ring "Gosyits" {rElec rC+ Str+4 Dex+4} (You
                  | acquired it in the Dungeon)
  2171 | D        | Bought an encrusted ivory wand for 112 gold pieces
  2176 | D        | Bought a potion of flight for 36 gold pieces
  2176 | D        | Bought a potion of flight for 36 gold pieces
  2195 | D        | Found Gypij's Assorted Antiques.
  2197 | D        | Found Utusadis's Book Shoppe.
  2198 | D        | Received a gift from Trog
  2209 | D        | Identified the ring "Koosky" {MR+ Str+5}
  2255 | D        | Found Hase's Food Shoppe.
  2290 | D        | Identified the ring of Piorasysm {MR+ MP+9} (You acquired
                  | it in the Dungeon)
  2290 | D        | Identified the +0 pair of gloves "Ocwixt" {rF+ MR+} (You
                  | acquired it in the Dungeon)
  2304 | D        | Identified the +2 chain mail of Disaster {rC- rN+ Dex+3}
                  | (You acquired it in the Dungeon)
  2306 | D        | Identified the +2 pair of boots of the Doldrums {Regen+
                  | Str+5 Int-2 Dex+4} (You acquired it in the Dungeon)
  2308 | D        | Identified the +0 plate armour "Jeem" {Str+4} (You acquired
                  | it in the Dungeon)
  2322 | D        | Bought a scroll labeled QOANIR NAPA for 25 gold pieces
  2322 | D        | Bought a scroll labeled JODIWO BEUPS for 25 gold pieces
  2322 | D        | Bought a scroll labeled JODIWO BEUPS for 25 gold pieces
  2322 | D        | Bought a scroll labeled NELUTS XUAN for 25 gold pieces
  2356 | D        | Noticed a sixfirhy
  2356 | D        | Noticed a sixfirhy
  2356 | D        | Noticed a sixfirhy
  2363 | D        | Killed a sixfirhy
  2363 | D        | Reached skill level 18 in Axes
  2368 | D        | Killed a sixfirhy
  2378 | D        | Killed a sixfirhy
  2378 | D        | Received a gift from Trog
  2378 | D        | Reached skill level 19 in Axes
  2652 | D        | Bought a scroll of identify for 24 gold pieces
  2652 | D        | Bought a scroll of enchant weapon for 90 gold pieces
  2653 | D        | Bought a scroll of fear for 42 gold pieces
  2659 | D        | Bought a potion of heal wounds for 55 gold pieces
  2659 | D        | Bought 2 potions of curing for 66 gold pieces
  2659 | D        | Bought a potion of haste for 110 gold pieces
  2714 | D        | Found Arogimeg's Antique Weapon Emporium.
  2715 | D        | Found Hiarona's Antique Armour Boutique.
  2718 | D        | Noticed Nessos
  2730 | D        | Killed Nessos
  2730 | D        | Reached skill level 20 in Axes
  2741 | D        | Bought a pair of embroidered boots for 172 gold pieces
  2795 | D        | Identified the +0 pair of boots "Ahust" {rElec rN+ Str+4
                  | Int+3} (You acquired it in the Dungeon)
  2823 | D        | Noticed Gastronok
  2831 | D        | Killed Gastronok
  2865 | D        | Noticed a dire elephant
  2865 | D        | Noticed an orc sorcerer
  2865 | D        | Noticed an orc sorcerer
  2865 | D        | Noticed an orc sorcerer
  2870 | D        | Killed a dire elephant
  2875 | D        | Killed an orc sorcerer
  2875 | D        | Received a gift from Trog
  2877 | D        | Killed an orc sorcerer
  2877 | D        | Reached skill level 21 in Axes
  2877 | D        | Reached XP level 12. HP: 90/90 MP: 15/18
  2908 | D        | Found the +0 mask of the Dragon {MR+ Slay+3 SInv}
  2926 | D        | Got an ichor-stained halberd
  2937 | D        | Identified the Tome of Displacement and Feathers
  2942 | D        | Got a crystal scimitar
  2988 | D        | Identified the +1 pair of gloves of Oblivion {rC- MR- rCorr
                  | Int+6} (You found it in the Dungeon)
  3005 | D        | Received a gift from Trog
  3021 | D        | Received a gift from Trog
  3021 | D        | Reached ****** piety under Trog
  3042 | D        | Identified the +1 plate armour of Syndicalism {MR+} (You
                  | acquired it in the Dungeon)
  3138 | D        | Reached skill level 10 in Evocations
  3148 | D        | Received a gift from Trog
  3157 | D        | Noticed a deep elf blademaster
  3185 | D        | Killed a deep elf blademaster
  3196 | D        | Blown up by an eye of devastation

Levels and vault maps discovered:
D:        the_violet_keep_of_menkaure [sprint2_stairs_cluster_1,
          sprint2_shoproom, sprint2_temple, sprint2_basic_supplies,
          sprint2_obstacle_3, sprint2_obstacle_4, sprint2_obstacle_6,
          sprint2_obstacle_5, sprint2_obstacle_1, sprint2_timed_cluster_1,
          sprint2_smallroom_cluster_1, sprint2_smallroom_final_cluster_1,
          sprint2_transparent_cluster_1, sprint2_second_timed_cluster_1,
          sprint2_sniper_area_1, sprint2_heavy_combat_area_1,
          sprint2_mutation_trap_area_1, sprint2_forest_area_1,
          sprint2_light_combat_area_1, sprint2_behind_water_1,
          sprint2_near_end_vault_1]

Skill      XL: |  1  2  3  4  5  6  7  8  9 10 11 12 |
---------------+-------------------------------------+-----
Axes           | 5 7 13 14 16 17 21 | 21.7
Fighting       | 6 11 15 16 17 | 17.9
Armour         | 4 |  4.9
Evocations     | 2 4 8 11 | 11.7
Dodging        | |  1.5

Action                   |  1- 3 |  4- 6 |  7- 9 | 10-12 || total
-------------------------+-------+-------+-------+-------++-------
Melee: Hand axe          |    16 |    43 |    38 |       ||    97
       Battleaxe         |       |       |    18 |       ||    18
       Executioner's axe |       |       |     5 |   124 ||   129
Invok: Berserk           |     1 |     1 |     6 |     3 ||    11
       Trog's Hand       |       |       |     1 |       ||     1
       Brothers in Arms  |       |       |       |     1 ||     1
Evoke: Wand              |       |       |       |     1 ||     1
       Phial of floods   |       |       |       |     1 ||     1
  Use: Potion            |       |       |     2 |     4 ||     6
       Scroll            |       |       |       |    13 ||    13
  Eat: Chunk             |       |       |     3 |     2 ||     5
       Ration            |       |       |     2 |     2 ||     4
Armor: Animal skin       |     4 |     7 |       |       ||    11
       Plate armour      |       |       |    66 |    83 ||   149
Dodge: Dodged            |     8 |    21 |    25 |    42 ||    96

Table legend:
 A = Non-vault XP
 B = Vault XP
 C = Vault XP percentage of total XP
 D = Non-vault monster count
 E = Vault monster count
 F = Vault count percentage of total count
                 A         B        C        D         E       F
            +---------+---------+-------+---------+---------+-------
      Total |       0 |   25879 | 100.0 |       0 |      57 | 100.0
            +---------+---------+-------+---------+---------+-------
          D |       0 |   25879 | 100.0 |       0 |      57 | 100.0
            +---------+---------+-------+---------+---------+-------
